 Dungeon Crawl Stone Soup version 0.28.0-43-g3370ac3207 (webtiles) character file.

Game seed: 11334643488821959657

2550 Descartes the Grappler (level 9, 0/85 HPs)
             Began as a Troll Chaos Knight on Mar 26, 2022.
             Was a Plaything of Xom.
             Slain by a killer bee (7 damage)
             ... on level 7 of the Dungeon.
             The game lasted 00:08:11 (5141 turns).

Descartes the Grappler (Troll Chaos Knight)         Turns: 5141, Time: 00:08:12

Health: 0/85       AC:  9    Str: 27    XL:     9   Next: 30%
Magic:  17/17      EV: 10    Int: 10    God:    Xom [......]
Gold:   856        SH:  0    Dex: 11    Spells: 8/8 levels left

rFire   . . .      SeeInvis .     - Unarmed
rCold   + . .      Faith    .   (no shield)
rNeg    . . .      Spirit   .   a - +2 robe
rPois   .          Reflect  .   (helmet restricted)
rElec   .          Harm     .   t - +0 cloak
rCorr   .          Rampage  .   (gloves unavailable)
Will    .....                   (boots unavailable)
Stlth   +.........              (no amulet)
HPRegen 1.04/turn               l - ring of Untruth {MP+9 Str+5}
MPRegen 0.15/turn               m - +4 ring of slaying

@: lethally poisoned (0 -> -3)
A: large, unfitting armour, claws 3, regeneration 1, shaggy fur 1, tough skin 1,
iridescent scales 1, cold resistance 1, MP-powered wands
a: Renounce Religion


You were on level 7 of the Dungeon.
You worshipped Xom.
You were a very special plaything of Xom.
You visited 2 branches of the dungeon, and saw 8 of its levels.

You collected 909 gold pieces.
You spent 53 gold pieces at shops.

Inventory:

Missiles
 d - 79 stones (quivered)
 n - 4 boomerangs
Armour
 a - a +2 robe (worn)
 t - a +0 cloak (worn)
Jewellery
 b - a ring of positive energy
 g - a ring of flight
 l - the ring of Untruth (left claw) {MP+9 Str+5}
   (You found it on level 3 of the Dungeon)

   [ring of magical power]

   Str:       It affects your strength (+5).
   MP:        It affects your magic capacity (+9).
 m - a +4 ring of slaying (right claw)
Scrolls
 e - 2 scrolls of fear {unknown}
 f - 5 scrolls of teleportation {unknown}
 h - 2 scrolls of identify {unknown}
 k - 2 scrolls of noise {unknown}
 o - 2 scrolls of magic mapping {unknown}
 q - a scroll of brand weapon {unknown}
 r - 3 scrolls of immolation {unknown}
 s - a scroll of summoning {unknown}
Potions
 c - 2 potions of curing
 i - a potion of ambrosia {unknown}
 j - 2 potions of lignification {unknown}
 p - 3 potions of mutation {unknown}
 u - a potion of haste {unknown}
 w - 2 potions of brilliance {unknown}
 x - a potion of invisibility {unknown}
Miscellaneous
 v - a piece from Xom's chessboard (15/15)


   Skills:
 + Level 4.3 Fighting
 + Level 5.0 Throwing
 + Level 4.0 Dodging
 * Level 8.1 Unarmed Combat
 + Level 4.2 Evocations


You had 8 spell levels left.
You didn't know any spells.
Your spell library contained the following spells:

 Spells                   Type           Power      Damage    Failure   Level
 Foxfire                  Conj/Fire      0%         2x1d4     36%         1
 Conjure Flame            Conj/Fire      0%         6-21      75%         3
 Inner Flame              Hex/Fire       0%         N/A       75%         3
 Animate Armour           Summ/Erth      0%         N/A       98%         4
 Flame Wave               Conj/Fire      0%         2d4       98%         4
 Fulminant Prism          Conj/Hex       0%         3d6       98%         4
 Passage of Golubria      Tloc           0%         N/A       98%         4
 Blade Hands              Tmut           0%         N/A       100%        5
 Iron Shot                Conj/Erth      0%         9d1       100%        6


Dungeon Overview and Level Annotations

Branches:
Dungeon (7/15)             Temple (1/1) D:6

Altars:
Ashenzari
Cheibriados
Dithmenos
Elyvilon
Fedhas
Gozag
Hepliaklqana
Kikubaaqudgha
Makhleb
Nemelex Xobeh
Qazlal
Sif Muna
Trog
Uskayaw
Vehumet
Wu Jian
Xom
Yredelemnul
Zin
The Shining One

Shops:
D:3 *


Innate Abilities, Weirdness & Mutations

You are too large for most types of armour.
You have claws for hands.
Your natural rate of healing is unusually fast.
You are covered in fur. (AC +1)
You have tough skin. (AC +1)
You are partially covered in iridescent scales. (AC +2)
Your flesh is cold resistant. (rC+)
You expend magic power (3 MP) to strengthen your wands.


Message History

The killer bee stings you but does no damage.
The killer bee stings you but does no damage.
The killer bee stings you.
The killer bee stings you but does no damage.
The killer bee barely misses you.
The killer bee stings you but does no damage.
The killer bee stings you!
* * * LOW HITPOINT WARNING * * *
You are poisoned.
The killer bee poisons you!
A white imp comes into view.
You feel sick.
The killer bee stings you but does no damage.
The killer bee barely misses you.
The killer bee stings you but does no damage.
The white imp gestures at you. The puff of frost hits you. You resist.
* * * LOW HITPOINT WARNING * * *
It was a potion of curing.
You feel better.
Xom thinks this is hilarious!
The killer bee closely misses you. Something stings you!
* * * LOW HITPOINT WARNING * * *
The killer bee stings you.
* * * LOW HITPOINT WARNING * * *
You are poisoned.
The killer bee poisons you! The killer bee closely misses you.
Something stings you.
* * * LOW HITPOINT WARNING * * *
The killer bee stings you but does no damage.
The white imp gestures at you. The puff of frost hits you. You resist.
* * * LOW HITPOINT WARNING * * *
You feel better. The killer bee barely misses you. Something stings you!
* * * LOW HITPOINT WARNING * * *
The killer bee stings you.
* * * LOW HITPOINT WARNING * * *
You are poisoned.
The killer bee poisons you! The killer bee stings you!
You die...
Xom cackles wildly!

.......# ......#.#
..##.#.#####
###.##.#.....
####..........#
##yy.ยง#..#.#.)#####
#..#####..........#
#..# ##.yyy.....##
##.# ##.@y.......
#y# ## ###......##
.y. ....###......#.
#.# #....5.......
#.. #####........
### #..........
#.#......##
#<#.#....#
#.#.##.....


You could see 4 killer bees and a white imp.

Vanquished Creatures
  Pikel (D:4)
  A wraith (D:6)
  Sigmund (D:3)
  An acid dragon (D:4)
  A water moccasin (D:5)
  A black bear (D:6)
  A hornet zombie (D:6)
  An ice beast (D:6)
  A sky beast (D:7)
  2 ogres (D:4)
  2 necrophages
  2 lemures (D:4)
  A killer bee (D:7)
  A howler monkey (D:5)
  2 bullfrog zombies
  A jelly (D:6)
  3 orc priests
  A centaur skeleton (D:4)
  4 hounds
  A scorpion zombie (D:5)
  Ijyb (D:4)
  3 iguanas
  2 orc wizards (D:6)
  Natasha (thrice) (D:2)
  A killer bee zombie (D:6)
  Robin (D:3)
  4 gnolls
  6 adders
  A shadow imp (D:6)
  An adder skeleton (D:4)
  2 worms
  6 dart slugs
  10 orcs
  6 endoplasms
  6 giant cockroaches
  10 goblins
  5 hobgoblins
  3 kobolds
  3 quokkas
  4 ball pythons
  A bat (D:1)
  A frilled lizard (D:2)
  5 rats
114 creatures vanquished.

Notes
Turn   | Place    | Note
-------+----------+-------------------------------------------
     0 | D:1      | Descartes the Troll Chaos Knight began the quest for the
                  | Orb.
     0 | D:1      | Reached XP level 1. HP: 22/22 MP: 0/0
    83 | D:1      | Reached XP level 2. HP: 29/29 MP: 1/1
   144 | D:1      | XOM is BORED!
   144 | D:1      | XOM: silly message
   487 | D:1      | XOM: cast spell 'Dispersal'
   682 | D:1      | XOM: noise
   783 | D:2      | Found a faded altar of an unknown god.
   912 | D:2      | XOM: enchant monster (bad)
   916 | D:2      | Reached skill level 1 in Throwing
   958 | D:2      | XOM: summons 2 hostile demons
   959 | D:2      | Noticed a rust devil
   961 | D:2      | Reached skill level 1 in Evocations
   961 | D:2      | Reached XP level 3. HP: 36/36 MP: 2/2
   973 | D:2      | XOM: summons 2 hostile shadow creatures
  1072 | D:2      | Noticed Natasha
  1076 | D:2      | Killed Natasha
  1173 | D:2      | XOM: swap monsters
  1222 | D:2      | Reached XP level 4. HP: 41/44 MP: 3/3
  1482 | D:2      | Noticed Natasha
  1491 | D:2      | XOM: polymorph kobold -> iguana
  1492 | D:2      | XOM: enchant monster (bad)
  1501 | D:2      | Killed Natasha
  1502 | D:2      | Reached skill level 4 in Unarmed Combat
  1550 | D:2      | XOM: noise
  1575 | D:2      | Noticed Natasha
  1583 | D:2      | Killed Natasha
  1584 | D:2      | Reached XP level 5. HP: 50/50 MP: 4/4
  1970 | D:3      | Found Wuwkus's Assorted Antiques.
  1977 | D:3      | XOM: divination: detect creatures
  1983 | D:3      | Bought a bubbling inky potion for 25 gold pieces
  1983 | D:3      | Bought a scroll labelled PEUMIRIQEX for 28 gold pieces
  2093 | D:3      | Found a burning altar of Makhleb.
  2093 | D:3      | Found a glowing silver altar of Zin.
  2093 | D:3      | Noticed an Executioner
  2093 | D:3      | Noticed an angel
  2093 | D:3      | XOM: 1-stop teleportation journey
  2106 | D:3      | Noticed Robin
  2110 | D:3      | Killed Robin
  2170 | D:3      | Identified the ring of Untruth {MP+9 Str+5}
  2366 | D:3      | Noticed Sigmund
  2367 | D:3      | XOM: confuse monster(s)
  2370 | D:3      | Killed Sigmund
  2371 | D:3      | Reached XP level 6. HP: 59/59 MP: 5/5
  2723 | D:3      | XOM: cloud trail
  2852 | D:4      | Noticed Ijyb
  2855 | D:4      | Paralysed by Ijyb for 5 turns
  2864 | D:4      | Killed Ijyb
  2865 | D:4      | Reached skill level 5 in Unarmed Combat
  2869 | D:4      | Found an opulent altar of Gozag.
  2906 | D:4      | Noticed an acid dragon
  2909 | D:4      | XOM: swap monsters
  2912 | D:4      | Killed an acid dragon
  2913 | D:4      | Reached XP level 7. HP: 61/66 MP: 6/6
  3025 | D:4      | XOM: give mutations
  3025 | D:4      | Gained mutation: Your flesh is cold resistant. (rC+) [Xom's
                  | grace]
  3025 | D:4      | Gained mutation: You expend magic power (3 MP) to
                  | strengthen your wands. [Xom's grace]
  3025 | D:4      | Gained mutation: You are partially covered in iridescent
                  | scales. (AC +2) [Xom's grace]
  3126 | D:4      | Noticed Pikel
  3137 | D:4      | XOM: summons 5 friendly demons
  3138 | D:4      | Killed Pikel
  3139 | D:4      | Reached skill level 6 in Unarmed Combat
  3139 | D:4      | Reached XP level 8. HP: 49/75 MP: 7/7
  3426 | D:5      | Entered Level 5 of the Dungeon
  3445 | D:5      | XOM is BORED!
  3680 | D:5      | Found a bloodstained altar of Trog.
  3703 | D:5      | Got the Incunabulum of Enthralling Dislocation
  3806 | D:5      | XOM: confuse monster(s)
  4055 | D:5      | XOM: swap monsters
  4086 | D:5      | Reached skill level 7 in Unarmed Combat
  4146 | D:6      | XOM: enchant monster (good)
  4152 | D:6      | XOM: god gift: piece from Xom's chessboard (15/15)
  4190 | D:6      | XOM: enchant monster (good)
  4238 | D:6      | Reached XP level 9. HP: 84/84 MP: 8/8
  4525 | D:6      | Found a staircase to the Ecumenical Temple.
  4558 | Temple   | Entered the Ecumenical Temple
  4813 | D:6      | Reached skill level 5 in Throwing
  4824 | D:6      | XOM: cloud trail
  4888 | D:6      | XOM: god gift: robe {god gift}
  4958 | D:6      | XOM: god gift: 630 gold pieces
  5001 | D:6      | Identified the +2 leather armour "Jahihur" {rN+ Will+ rCorr
                  | Str-2}
  5102 | D:7      | Reached skill level 8 in Unarmed Combat
  5120 | D:7      | XOM: summons 2 friendly demons
  5131 | D:7      | XOM: chaos cloud
  5141 | D:7      | Slain by a killer bee

Illustrated notes

Levels and vault maps discovered:
D:1:      evilmike_arrival_hilbert_curve, layout_basic
D:2:      layout_basic, nicolae_ecumenical_oubliette, uniq_natasha
D:3:      layout_basic, grunt_temple_overflow_order_and_chaos_2, serial_shops,
          shop_fountains, uniq_robin, uniq_sigmund
D:4:      layout_basic, nicolae_gozag_seed_capital, uniq_ijyb, uniq_pikel
D:5:      layout_basic, mainiacjoe_overflow_paths
D:6:      layout_loops_cross, minmay_temple_entry_offerings
D:7:      layout_rooms, okawaru_trees_2, uniq_maggie
Temple:   nicolae_temple_elliptical

Skill      XL: |  1  2  3  4  5  6  7  8  9 |
---------------+----------------------------+-----
Throwing       | 1 2 3 4 5 |  5.0
Evocations     | 1 2 3 4 |  4.2
Unarmed Combat | 4 5 6 7 8 |  8.1
Dodging        | 2 3 4 |  4.0
Fighting       | 3 4 |  4.3

Action                   |  1- 3 |  4- 6 |  7- 9 || total
-------------------------+-------+-------+-------++-------
Melee: Unarmed           |    62 |   141 |   149 ||   352
       Punch             |     1 |     2 |     4 ||     7
  Use: Potion            |       |       |     2 ||     2
 Stab: Confused          |     1 |     1 |       ||     2
       Sleeping          |       |     1 |     2 ||     3
Armor: Robe              |    22 |    52 |    66 ||   140
Dodge: Dodged            |    50 |    61 |    59 ||   170
